 Dungeon Crawl Stone Soup version 0.28.0 (webtiles) character file.

Game seed: 14208163494970619892

116 croobank the Ducker (level 4, -8/28 HPs)
             Began as a Deep Elf Abyssal Knight on Feb 6, 2022.
             Was a Believer of Lugonu.
             Killed by divine providence
             ... invoked by an orc priest
              (14 damage)
             ... on level 3 of the Dungeon.
             The game lasted 00:09:46 (4170 turns).

croobank the Ducker (Deep Elf Abyssal Knight)       Turns: 4170, Time: 00:09:46

Health: -8/28      AC:  7    Str: 12    XL:     4   Next: 70%
Magic:  7/7        EV: 12    Int: 15    God:    Lugonu [**....]
Gold:   67         SH:  0    Dex: 15    Spells: 3/3 levels left

rFire   . . .      SeeInvis .   a - +1 short sword
rCold   . . .      Faith    .   (no shield)
rNeg    . . .      Spirit   .   o - +0 acid dragon scales
rPois   .          Reflect  .   (no helmet)
rElec   .          Harm     .   p - +0 cloak
rCorr   +          Rampage  .   (no gloves)
Will    .....                   (no boots)
Stlth   +.........              (no amulet)
HPRegen 0.09/turn               (no ring)
MPRegen 0.10/turn               (no ring)

@: no status effects
A: no striking features
a: Renounce Religion, Depart the Abyss, Bend Space


You were on level 3 of the Dungeon.
You worshipped Lugonu.
Lugonu was pleased with you.
You visited 1 branch of the dungeon, and saw 3 of its levels.
You visited the Abyss 1 time.

You collected 67 gold pieces.

Inventory:

Hand Weapons
 a - a +1 short sword (weapon)
 b - a +1 hunting sling of freezing
 m - a +0 trident
Missiles
 c - 94 stones
 d - 11 poisoned darts
 f - 4 boomerangs (quivered)
 j - 18 bolts
Armour
 g - a +0 ring mail
 h - a +1 leather armour
 o - +0 acid dragon scales (worn)
 p - a +0 cloak (worn)
Scrolls
 k - a scroll of identify
 n - 2 scrolls of vulnerability
Potions
 e - a potion of mutation {unknown}


   Skills:
 + Level 3.1 Fighting
 + Level 3.1 Short Blades
 + Level 0.4 Throwing
 + Level 1.5 Armour
 + Level 3.1 Dodging
 + Level 0.5 Stealth
 + Level 2.4 Invocations


You had 3 spell levels left.
You didn't know any spells.
Your spell library contained the following spells:

 Spells                   Type           Power      Damage    Failure   Level
 Ensorcelled Hibernation  Hex/Ice        0%         N/A       52%         2
 Passwall                 Tmut/Erth      0%         N/A       52%         2
 Swiftness                Air            0%         N/A       77%         3
 Animate Dead             Necr           0%         N/A       99%         4
 Borgnjor's Vile Clutch   Necr/Erth      0%         N/A       100%        5
 Death Channel            Necr           0%         N/A       100%        6


Dungeon Overview and Level Annotations

Branches:
Dungeon (3/15)

Altars:
Sif Muna


Message History

You barely miss the orc wizard.
The orc wizard is almost dead.
You feel less confused.
You hit the orc.
The orc is lightly wounded.
The orc hits you but does no damage.
The orc wizard hits you but does no damage.
You closely miss the orc wizard.
The orc wizard is almost dead.
The orc hits you but does no damage.
You hit the orc wizard.
You kill the orc wizard!
Lugonu accepts your kill.
Your Short Blades skill increases to level 3!
You hit the orc.
The orc is almost dead.
The orc hits you with a +0 short sword.
Unknown command.
You closely miss the orc.
The orc is almost dead.
You miss something. The orc hits you but does no damage.
You closely miss the orc.
The orc is almost dead.
Something hits you. The orc completely misses you.
You hit the orc.
You kill the orc!
Lugonu accepts your kill.
You hear some strange, mumbled words.
A puff of flame appears from out of thin air!
The puff of flame hits you!
* * * LOW HITPOINT WARNING * * *
You miss something. Something hits you but does no damage.
Blink to where?
Press: ? - help, Dir - move target
As you read the scroll of blinking, it crumbles to dust.
An orc priest comes into view. It is wielding a +0 hand axe.
The orc priest calls down the wrath of Beogh upon you.
Beogh smites you!
Ouch! That really hurt!
You die...

# # .o # .# # .# # .
.#.# ### #
###############.#.####
...
#ยง....................
...
###)###########.#....#
### ...)# #....@....#
##### #.##.#....# # #
#.....## # ###.### # .#
# ## # # #### #
###โ‰ˆโ‰ˆโ‰ˆ### #


You could see an orc priest.

Vanquished Creatures
  An orc wizard (D:3)
  3 adders
  A worm (D:3)
  A dart slug (D:1)
  2 orcs (D:3)
  4 endoplasms
  3 giant cockroaches
  11 goblins
  5 hobgoblins (D:1)
  4 jackals (D:1)
  4 kobolds
  2 quokkas
  4 ball pythons
  3 bats
  5 rats
53 creatures vanquished.

Vanquished Creatures (others)
  A plant (D:3)
1 creature vanquished.

Grand Total: 54 creatures vanquished

Notes
Turn   | Place    | Note
-------+----------+-------------------------------------------
     0 | Abyss:1  | croobank the Deep Elf Abyssal Knight began the quest for
                  | the Orb.
     0 | Abyss:1  | Reached XP level 1. HP: 13/13 MP: 4/4
    47 | Abyss:1  | Noticed a mana viper
    50 | Abyss:1  | Noticed a large abomination
    50 | Abyss:1  | Noticed a tentacled starspawn
    55 | D:1      | Escaped the Abyss
   463 | D:1      | Reached XP level 2. HP: 11/18 MP: 5/5
   466 | D:1      | Reached * piety under Lugonu
  1550 | D:1      | Reached XP level 3. HP: 13/22 MP: 6/6
  1554 | D:1      | Reached skill level 1 in Armour
  3354 | D:3      | Reached ** piety under Lugonu
  3554 | D:3      | Reached XP level 4. HP: 28/28 MP: 7/7
  3563 | D:3      | Found a shimmering blue altar of Sif Muna.
  3824 | D:3      | Found a faded altar of an unknown god.
  4170 | D:3      | Killed from afar by an orc priest

Illustrated notes

Levels and vault maps discovered:
D:1:      dpeg_arrival_three_same_balls, layout_basic
D:2:      layout_loops_ring, minivault_23
D:3:      layout_loops_ring, lemuel_zombie_altar_kikubaaqudgha,
          kennysheep_orc_sif_temple, zin_scriptorium,
          dreamdust_ecumenical_altar_grove, nicolae_underground_beach

Skill      XL: |  1  2  3  4 |
---------------+-------------+-----
Armour         | 1 |  1.5
Fighting       | 3 |  3.1
Dodging        | 3 |  3.1
Short Blades   | 3 |  3.1
Throwing       | |  0.4
Stealth        | |  0.5
Invocations    | |  2.4

Action                   |  1- 3 |  4- 6 || total
-------------------------+-------+-------++-------
Melee: Short sword       |   174 |    40 ||   214
       Punch             |     1 |       ||     1
Throw: Boomerang         |    11 |     6 ||    17
Invok: Depart the Abyss  |     1 |       ||     1
  Use: Scroll            |     2 |     4 ||     6
Armor: Leather armour    |    26 |       ||    26
       Ring mail         |    15 |     3 ||    18
       Acid dragon scale |       |     7 ||     7
Dodge: Dodged            |    83 |    21 ||   104
